 Dungeon Crawl Stone Soup version 0.25.1-2-g60ff931df9 (webtiles) character file.

Game seed: 6842011859214339586

63471 DearestLeader the Earth Mage (level 15, 0/82 HPs)
             Began as a Gargoyle Earth Elementalist on Nov 13, 2020.
             Was a High Priest of Vehumet.
             Shot with a bolt by an orc warlord (12 damage)
             ... on level 1 of the Orcish Mines.
             The game lasted 01:11:54 (29017 turns).

DearestLeader the Earth Mage (GrEE)                Turns: 29017, Time: 01:11:54

Health: 0/82       AC: 19    Str: 13    XL:     15   Next: 9%
Magic:  8/29       EV: 15    Int: 27    God:    Vehumet [*****.]
Gold:   2024       SH:  5    Dex: 10    Spells: 3/35 levels left

rFire    + . .     SeeInvis .   u - staff of wizardry
rCold    . . .     Gourm    .   A - +1 buckler
rNeg     + . .     Faith    .   U - +2 robe {rF+}
rPois    ∞         Spirit   .   P - +0 helmet
rElec    +         Reflect  .   (no cloak)
rCorr    .         Harm     .   (no gloves)
MR       ++...                  B - +2 pair of boots
Stlth    ++........             h - amulet of magic regeneration
HPRegen  0.23/turn              a - +6 ring of intelligence
MPRegen  0.46/turn              m - ring of protection from magic

@: flying, lightly drained
A: big wings, negative energy resistance 1, electricity resistance, unbreathing,
petrification resistance, rot immunity, AC +11
a: Stop Flying, Renounce Religion


You were on level 1 of the Orcish Mines.
You worshipped Vehumet.
Vehumet was extremely pleased with you.
You were not hungry.

You visited 4 branches of the dungeon, and saw 20 of its levels.
You also visited: Sewer, Bailey and Volcano.

You collected 2241 gold pieces.
You spent 217 gold pieces at shops.

Inventory:

Hand Weapons
 t - a +3 whip of freezing
 K - the +7 mace of Variability {chain chaos}
   (You found it on level 8 of the Dungeon)

   Each time it hits an enemy it has a different, random effect.
Missiles
 b - 167 stones (quivered)
Armour
 z - a +2 robe of magic resistance
 A - a +1 buckler (worn)
 B - a +2 pair of boots (worn)
 P - a +0 helmet (worn)
 U - a +2 robe of fire resistance (worn)
Magical Staves
 u - an uncursed staff of wizardry (weapon)
Jewellery
 a - a +6 ring of intelligence (left hand)
 h - an amulet of magic regeneration (around neck)
 m - a ring of protection from magic (right hand)
 C - an uncursed ring of ice
 M - the amulet "Pellus" {rN+ Regen+}
   (You found it on level 9 of the Dungeon)

   [amulet of regeneration]

   It protects you from negative energy.
   It increases your rate of regeneration.
 N - an uncursed ring of stealth
 R - an uncursed ring of see invisible
Wands
 c - a wand of clouds (6)
 l - a wand of polymorph (22)
 H - a wand of random effects (40)
 L - a wand of disintegration (15)
 S - a wand of iceblast (7)
 V - a wand of digging (4)
 W - a wand of enslavement (11)
Scrolls
 e - a scroll of holy word {unknown}
 g - 2 scrolls of amnesia
 i - 5 scrolls of magic mapping
 j - 3 scrolls of remove curse
 o - 2 scrolls of blinking
 r - 10 scrolls of teleportation
 y - 3 scrolls of enchant weapon
 E - 3 scrolls of random uselessness {unknown}
 F - 5 scrolls of enchant armour
 I - a scroll of brand weapon {unknown}
 J - 2 scrolls of fear
 X - a scroll of acquirement {unknown}
 Y - a scroll of summoning {unknown}
Potions
 f - 6 potions of curing
 k - a potion of magic
 n - 4 potions of might
 p - 3 potions of lignification
 s - 4 potions of heal wounds
 v - 2 potions of invisibility {unknown}
 w - 3 potions of brilliance {unknown}
 x - 2 potions of resistance
 D - 3 potions of stabbing {unknown}
 G - 3 potions of haste {unknown}
 O - 2 potions of berserk rage {unknown}
 Q - a potion of ambrosia {unknown}
 T - a potion of cancellation {unknown}
Comestibles
 d - 34 rations


   Skills:
 - Level 5.2(5.1) Fighting
 + Level 7.0(6.9) Dodging
 - Level 2.1 Stealth
 - Level 4.0(3.9) Shields
 + Level 10.9(10.8) Spellcasting
 * Level 14.3(14.1) Conjurations
 * Level 3.9(3.8) Summonings
 - Level 1.0(0.9) Transmutations
 - Level 18.0(17.8) Earth Magic


You had 3 spell levels left.
You knew the following spells:

 Your Spells              Type           Power        Failure   Level  Hunger
a - Sandblast             Erth           ######       0%          1    None
b - Passwall              Tmut/Erth      ######..     1%          2    None
c - Stone Arrow           Conj/Erth      ######       0%          3    None
d - Lee's Rapid Deconstr  Erth           #######...   1%          5    ###....
e - Petrify               Tmut/Erth      ######..     1%          4    None
f - Iskenderun's Mystic   Conj/Tloc      ######..     1%          4    None
g - Spellforged Servitor  Conj/Summ      ######....   10%         7    ######.
h - Iron Shot             Conj/Erth      #######...   1%          6    #####..

Your spell library contained the following spells:

 Spells                   Type           Power        Failure   Level  Hunger
 Magic Dart               Conj           ####         0%          1    None
 Searing Ray              Conj           ######       0%          2    None
 Corona                   Hex            ##.....      1%          1    None
 Foxfire                  Conj/Fire      ####         1%          1    None
 Summon Small Mammal      Summ           ####         1%          1    None
 Call Imp                 Summ           #####...     1%          2    None
 Call Canine Familiar     Summ           #####...     1%          3    None
 Conjure Flame            Conj/Fire      ######..     1%          3    None
 Dazzling Flash           Conj/Hex       ######       1%          3    None
 Inner Flame              Hex/Fire       ##......     1%          3    None
 Slow                     Hex            ##......     2%          2    None
 Summon Guardian Golem    Hex/Summ       ####....     2%          3    None
 Confusing Touch          Hex            ##......     4%          3    None
 Gell's Gravitas          Tloc           ##........   4%          3    None
 Portal Projectile        Hex/Tloc       ##....       4%          3    None
 Fulminant Prism          Conj/Hex       ######....   1%          4    None
 Leda's Liquefaction      Hex/Erth       ######....   1%          4    None
 Sticky Flame             Conj/Fire      ######..     1%          4    None
 Fireball                 Conj/Fire      ######....   1%          5    ###....
 Lightning Bolt           Conj/Air       ######....   1%          5    ###....
 Conjure Ball Lightning   Conj/Air       ######....   4%          6    #####..
 Summon Ice Beast         Ice/Summ       ####....     8%          4    None
 Summon Lightning Spire   Summ/Air       ####....     8%          4    None
 Yara's Violent Unravell  Hex/Tmut       ###.......   10%         5    ###....
 Cause Fear               Hex            ##........   16%         4    None
 Metabolic Englaciation   Hex/Ice        ##........   38%         5    ###....


Dungeon Overview and Level Annotations

Branches:
Dungeon (12/15)            Temple (1/1) D:7            Lair (6/6) D:9
  Swamp (0/4) Lair:3       Spider (0/4) Lair:2        Slime (0/5) Lair:5
    Orc (1/2) D:12          Sewer (visited)          Bailey (visited)
Volcano (visited)

Altars:
Ashenzari
Dithmenos
Elyvilon
Fedhas
Gozag
Hepliaklqana
Kikubaaqudgha
Makhleb
Nemelex Xobeh
Okawaru
Qazlal
Ru
Trog
Uskayaw
Vehumet
Wu Jian
Xom
Zin
The Shining One

Shops:
D:4 =   D:6 [   D:12 }

Portals:
Trove: D:12 (give horn of Geryon)


Innate Abilities, Weirdness & Mutations

You are resistant to torment.
Your stone body is resilient. (AC +11)
You are immune to poison.
Your large and strong wings let you fly indefinitely.
You resist negative energy. (rN+)
You are resistant to electric shocks. (rElec)
You can survive without breathing.
You are immune to petrification.
You are immune to rotting.


Message History

The orc warlord is almost dead.
The blast of petrified fragments hits the orc priest!!
You kill the orc priest!
Vehumet accepts your kill.
You feel your power returning.
You barely miss the orc.
The orc no longer looks unusually strong.
You block the orc's attack. The orc closely misses you.
You hit the orc but do no damage.
The orc warlord is no longer petrified.
The orc warlord roars a battlecry!
The orc goes into a battle-frenzy!
The orc hits you with a +0 club.
The orc warlord shoots a bolt.
The bolt hits you!!
* * * LOW HITPOINT WARNING * * *
You hit the orc.
The orc is lightly wounded.
The orc barely misses you. x2
The orc warlord shoots a bolt.
The bolt hits you!
You die...

#.......>...............#
.......#................#
....)...................###
...........).....)........##
.#........[#.#..#).........#
####......#[[....#o.....#.#
###..#.##....[.<......##
###...###...#......#.##
##.###...@.(o(......#
####....##.#......##
##..###....#.###
#...#....#### ##.###.....##
### ###....# ###.## ###


You could see an orc warlord and an orc (strong).

Vanquished Creatures
  Rupert (Lair:5)
  Harold (D:8)
  4 hydras
  A death knight (D:11)
  Erica (D:8)
  A two-headed ogre (D:10)
  Urug (D:12)
  A fire crab (Volcano)
  An unseen horror (D:10)
  An orc knight (Orc:1)
  A wizard (D:11)
  A lindwurm (Volcano)
  2 ugly things
  Pikel (D:5)
  A manticore (D:12)
  3 orc sorcerers (Orc:1)
  An oklob plant (Lair:3)
  2 wolf spiders (Lair:6)
  A cyclops (Orc:1)
  10 black mambas
  16 elephants
  A guardian serpent (Lair:6)
  A molten gargoyle (Volcano)
  2 gargoyles
  10 spiny frogs
  8 komodo dragons
  4 trolls
  2 jumping spiders (Lair:2)
  4 hornets
  Grinder (D:6)
  2 polar bears (Lair:6)
  7 blink frogs (Lair:2)
  8 hippogriffs
  2 redbacks (Lair:2)
  24 yaks
  16 wyverns
  7 small abominations (D:11)
  4 hogs (D:7)
  2 wraiths
  8 fire bats (Volcano)
  A hungry ghost (D:10)
  A human (D:7)
  4 chaos spawn (D:8)
  Menkaure (D:7)
  3 vampire mosquitoes (D:7)
  2 steam dragons (Volcano)
  3 wargs (Orc:1)
  5 large abominations (D:11)
  Edmund (D:5)
  26 water moccasins
  2 hell hounds (Volcano)
  8 porcupines
  A sky beast (D:10)
  2 ice beasts (D:7)
  3 slaves (D:5)
  Duvessa (D:5)
  13 orc warriors
  2 black bears (D:6)
  2 eyes of draining
  12 ogres
  A necrophage (D:10)
  3 phantoms
  7 centaurs
  19 crocodiles
  3 big kobolds
  22 bullfrogs
  2 wyvern zombies
  8 gnoll sergeants (Bailey)
  Dowan (D:5)
  A scorpion (D:4)
  A wyvern skeleton (D:5)
  10 killer bees
  13 wights
  2 howler monkeys (D:5)
  7 crimson imps
  4 centaur zombies
  8 lava snakes (Volcano)
  2 bullfrog zombies
  14 orc priests
  10 hounds
  A centaur skeleton (D:4)
  7 gnoll shamans
  12 jellies
  2 bullfrog skeletons
  14 orc wizards
  3 iguanas
  7 hell rats (Lair:2)
  14 worker ants
  A killer bee zombie (D:9)
  2 hound skeletons
  A worker ant zombie (D:11)
  17 gnolls
  14 adders
  16 river rats
  4 shadow imps
  3 oozes
  2 adder zombies
  An adder skeleton (D:8)
  3 worms
  10 leopard geckos
  38 orcs
  12 giant cockroaches
  5 goblins
  9 hobgoblins
  9 jackals
  18 kobolds
  7 quokkas
  2 bats
  2 frilled lizards (D:5)
  2 jackal skeletons (D:4)
  16 rats
  4 fungi
654 creatures vanquished.

Vanquished Creatures (others)
  A slave (D:5)
  An orc wizard (Orc:1)
  16 fungi
  26 plants
44 creatures vanquished.

Grand Total: 698 creatures vanquished

Notes
Turn   | Place    | Note
-------+----------+-------------------------------------------
     0 | D:1      | DearestLeader the Gargoyle Earth Elementalist began the
                  | quest for the Orb.
     0 | D:1      | Reached XP level 1. HP: 10/10 MP: 3/3
   437 | D:1      | Reached skill level 4 in Earth Magic
   522 | D:1      | Reached XP level 2. HP: 6/15 MP: 3/5
   771 | D:1      | Learned a level 2 spell: Passwall
  1348 | D:2      | Reached skill level 5 in Earth Magic
  1348 | D:2      | Reached XP level 3. HP: 4/19 MP: 1/6
  1696 | D:2      | Reached XP level 4. HP: 24/24 MP: 4/7
  1870 | D:2      | Reached skill level 6 in Earth Magic
  2136 | D:2      | Learned a level 3 spell: Stone Arrow
  2633 | D:3      | Reached XP level 5. HP: 28/28 MP: 5/8
  2670 | D:3      | Found a faded altar of an unknown god.
  2704 | D:3      | Found a burning altar of Makhleb.
  2706 | D:3      | Found an ancient bone altar of Kikubaaqudgha.
  2706 | D:3      | Found a shimmering altar of Xom.
  2709 | D:3      | Found an opulent altar of Gozag.
  2709 | D:3      | Found a blossoming altar of Fedhas.
  2709 | D:3      | Found a hide-covered altar of Uskayaw.
  3074 | D:3      | Found a stormy altar of Qazlal.
  3187 | D:3      | Found a burning altar of Makhleb.
  3391 | D:4      | Reached skill level 7 in Earth Magic
  3747 | D:4      | Found a white marble altar of Elyvilon.
  3761 | D:4      | Reached XP level 6. HP: 30/32 MP: 9/9
  3764 | D:4      | Reached skill level 8 in Earth Magic
  4026 | D:4      | Reached skill level 9 in Earth Magic
  4092 | D:4      | Reached XP level 7. HP: 36/36 MP: 7/10
  4624 | D:4      | Found Aleplufi's Jewellery Boutique.
  4774 | D:5      | Entered Level 5 of the Dungeon
  4793 | D:5      | Reached skill level 10 in Earth Magic
  4852 | D:5      | Noticed Edmund
  4872 | D:5      | Killed Edmund
  5181 | D:5      | Found a shadowy altar of Dithmenos.
  5230 | D:5      | Reached XP level 8. HP: 41/41 MP: 9/12
  5420 | D:5      | Noticed Pikel
  5424 | D:5      | Killed Pikel
  5424 | D:5      | Reached skill level 11 in Earth Magic
  5541 | D:5      | Noticed Duvessa
  5542 | D:5      | Noticed Dowan
  5558 | D:5      | Killed Duvessa
  5573 | D:5      | Killed Dowan
  5828 | D:5      | Reached skill level 12 in Earth Magic
  6118 | D:5      | Learned a level 5 spell: Lee's Rapid Deconstruction
  6243 | D:6      | Reached XP level 9. HP: 43/45 MP: 8/15
  6285 | D:6      | Found a glowing golden altar of the Shining One.
  6299 | D:6      | Found a glowing drain.
  6350 | Sewer    | Entered a sewer
  6559 | Sewer    | Found a glowing silver altar of Zin.
  6644 | D:6      | Reached skill level 1 in Conjurations
  6696 | D:6      | Reached skill level 5 in Spellcasting
  6719 | D:6      | Reached skill level 13 in Earth Magic
  6830 | D:6      | Noticed Grinder
  6835 | D:6      | Killed Grinder
  6997 | D:6      | Found Rufoguaf's Antique Armour Shoppe.
  7008 | D:6      | Bought a pair of glowing boots for 217 gold pieces
  7089 | D:6      | Found a bloodstained altar of Trog.
  7508 | D:6      | Learned a level 4 spell: Petrify
  7875 | D:7      | Reached XP level 10. HP: 50/50 MP: 11/18
  7907 | D:7      | Reached skill level 14 in Earth Magic
  7907 | D:7      | Noticed a gargoyle
  8080 | D:7      | Noticed Menkaure
  8084 | D:7      | Killed Menkaure
  8093 | D:7      | Killed a gargoyle
  8113 | D:7      | Reached skill level 5 in Conjurations
  8340 | D:7      | Noticed a +0 hand axe
  8342 | D:7      | Noticed a +0 hand axe
  8435 | D:7      | Found a hide-covered altar of Uskayaw.
  8933 | D:7      | Found a staircase to the Ecumenical Temple.
  8942 | Temple   | Entered the Ecumenical Temple
  9012 | Temple   | Became a worshipper of Vehumet
  9178 | D:7      | Reached skill level 15 in Earth Magic
  9428 | D:7      | Reached XP level 11. HP: 54/54 MP: 1/21
  9838 | D:8      | Noticed Erica
  9847 | D:8      | Killed Erica
 10172 | D:8      | Noticed a cyan ugly thing
 10194 | D:8      | Killed a cyan ugly thing
 10709 | D:8      | Found a shattered altar of Ashenzari.
 10777 | D:8      | Noticed Harold
 10785 | D:8      | Killed Harold
 11114 | D:8      | Reached * piety under Vehumet
 11114 | D:8      | Offered knowledge of Foxfire by Vehumet.
 11165 | D:8      | Found the +7 mace of Variability {chain chaos}
 11171 | D:8      | Found a shimmering altar of Xom.
 11532 | D:9      | Found a flagged portal.
 11536 | D:9      | Reached skill level 1 in Fighting
 11560 | Bailey   | Entered a bailey
 11846 | Bailey   | Reached ** piety under Vehumet
 11846 | Bailey   | Offered knowledge of Magic Dart by Vehumet.
 12597 | D:9      | Reached skill level 16 in Earth Magic
 12692 | D:9      | Found an iron altar of Okawaru.
 13061 | D:9      | Found a staircase to the Lair.
 13069 | D:9      | Got a smoking zirconium amulet
 13180 | D:10     | Entered Level 10 of the Dungeon
 13180 | D:10     | Noticed a two-headed ogre
 13488 | D:10     | Identified the amulet "Pellus" {rN+ Regen+} (You found it
                  | on level 9 of the Dungeon)
 13518 | D:10     | Offered knowledge of Inner Flame by Vehumet.
 13725 | D:10     | Killed a two-headed ogre
 13725 | D:10     | Reached XP level 12. HP: 48/67 MP: 10/24
 13831 | D:10     | Reached *** piety under Vehumet
 14357 | D:10     | Reached skill level 5 in Fighting
 14461 | D:10     | Offered knowledge of Iskenderun's Mystic Blast by Vehumet.
 14525 | D:10     | Learned a level 4 spell: Iskenderun's Mystic Blast
 14984 | D:11     | Reached **** piety under Vehumet
 15054 | Lair:1   | Entered Level 1 of the Lair of Beasts
 15147 | Lair:1   | Offered knowledge of Bolt of Magma by Vehumet.
 16118 | Lair:2   | Found a hole to the Spider Nest.
 16311 | Lair:2   | Reached skill level 10 in Conjurations
 17084 | Lair:1   | Reached XP level 13. HP: 56/72 MP: 1/26
 17475 | Lair:2   | Reached ***** piety under Vehumet
 17476 | Lair:2   | Offered knowledge of Olgreb's Toxic Radiance by Vehumet.
 18074 | Lair:3   | Found a dark tunnel.
 18083 | Lair:3   | Got a shimmering trident
 18083 | Lair:3   | Identified the cursed +0 trident "Nemys" {pain, Str-3 Int+4
                  | SInv} (You found it on level 3 of the Lair of Beasts)
 18117 | Volcano  | Entered a volcano
 18242 | Volcano  | Reached skill level 17 in Earth Magic
 18651 | Volcano  | Found a radiant altar of Vehumet.
 19315 | Lair:3   | Found a staircase to the Swamp.
 19506 | Lair:3   | Reached skill level 5 in Dodging
 21608 | Lair:5   | Reached skill level 10 in Spellcasting
 21905 | Lair:5   | Found a staircase to the Slime Pits.
 22085 | Lair:5   | Gained mutation: Your large and strong wings let you fly
                  | indefinitely. [Gargoyle growth]
 22085 | Lair:5   | Reached XP level 14. HP: 74/78 MP: 15/28
 22761 | Lair:5   | Noticed Rupert
 22767 | Lair:5   | Killed Rupert
 23102 | Lair:6   | Entered Level 6 of the Lair of Beasts
 23695 | Lair:6   | Offered knowledge of Spellforged Servitor by Vehumet.
 23709 | Lair:6   | Learned a level 7 spell: Spellforged Servitor
 23796 | Lair:6   | Reached skill level 1 in Summonings
 25067 | Lair:6   | Reached skill level 18 in Earth Magic
 25568 | Lair:6   | Reached skill level 1 in Transmutations
 26748 | D:11     | Identified the Reference Book on Lightness
 27239 | D:12     | Noticed Urug
 27249 | D:12     | Killed Urug
 27411 | D:12     | Found a staircase to the Orcish Mines.
 27688 | D:12     | Found Tobou's Gadget Boutique.
 28097 | D:12     | Found a portal to a secret trove of treasure.
 28258 | Orc:1    | Entered Level 1 of the Orcish Mines
 28263 | Orc:1    | Reached XP level 15. HP: 67/82 MP: 16/29
 28752 | Orc:1    | Noticed an orc warlord
 28765 | Orc:1    | Offered knowledge of Iron Shot by Vehumet.
 28798 | D:12     | Learned a level 6 spell: Iron Shot
 29017 | Orc:1    | Shot with a bolt by an orc warlord

Illustrated notes

Levels and vault maps discovered:
D:1:      saegor_arrival_simple_e, layout_rooms, serial_co_window_serial,
          co_window_paths_b, co_window_corner_a, co_window_corner_a,
          co_window_paths_a, co_window_paths_a, co_window_of_opportunity_b,
          co_window_of_opportunity_b, co_window_broadway_c, co_window_paths_e,
          glass_columns_b, glass_columns_c, glass_columns_c
D:2:      layout_loops_ring
D:3:      layout_loops_ring, marbit_many_paths, doesnt_xom_only_xom,
          chequers_ecumenical_altar_simple_redux, bloody_makhleb
D:4:      layout_gridville, overflow_temple_1_default, serial_shops, shop,
          palyth_stone_intersect
D:5:      layout_basic, basic_altar, first_ration, abandoned_shop, uniq_pikel,
          uniq_duvessa, uniq_edmund
D:6:      layout_basic, trog_ov_bears_minmay, overflow_temple_1_default,
          portal_sewer_entry_f, serial_shops, nicolae_shop_crystal, uniq_grinder
D:7:      cheibrodos_barr_body, layout_basic, dancing_weapons_uskayaw,
          minmay_temple_entry_drinking_statues, grunt_livestock,
          minmay_misc_feat_columns, uniq_menkaure
D:8:      layout_gridville, ashenzari_altar_1,
          minmay_guarded_unrand_variability, uniq_harold, uniq_erica
D:9:      layout_roguey, nicolae_overflow_crystal_walls, lair_entry_dummy,
          enter_bailey_2, kennysheep_generic_room_9
D:10:     layout_roguey, serial_corexii_hall, chequers_hall_statues_y,
          corexii_hall_statues_i
D:11:     layout_long_grid, laboratory
D:12:     layout_basic, orc_0_dummy, enter_trove_6, serial_shops, shop,
          nrook_mini_backslash, uniq_urug
Temple:   oiseaux_autumnal_temple
Lair:1:   layout_loops_ring, lemuel_fruit_fields, lemuel_fruit_tree
Lair:2:   lemuel_ratsnest, layout_regular_city, spider_nest_entry_funnel_web,
          grunt_megastairs_2, lemuel_fruit_fields
Lair:3:   layout_chaotic_city, swamp_mist_pool, nicolae_volcano_entry_lava_flow,
          grunt_megastairs_3, minmay_lair_oklob_chamber
Lair:4:   layout_roguey
Lair:5:   layout_regular_city, nicolae_slime_entry_slimehenge,
          grunt_megastairs_4, uniq_rupert
Lair:6:   hangedman_lair_tendril_chambers, layout_hall_layers,
          grunt_forest_small_clearings
Orc:1:    layout_caves

Skill      XL: |  1  2  3  4  5  6  7  8  9 10 11 12 13 14 15 |
---------------+----------------------------------------------+-----
Earth Magic    | 4 5 6 7 9 10 12 13 15 16 17 18 | 18.0
Spellcasting   | 4 5 7 8 9 10 | 10.9
Conjurations   | 4 6 8 10 12 14 | 14.3
Dodging        | 2 4 5 6 7 |  7.0
Shields        | 4 |  4.0
Fighting       | 4 5 |  5.2
Summonings     | 3 |  3.9
Transmutations | 1 |  1.0
Stealth        | |  2.1

Action                   |  1- 3 |  4- 6 |  7- 9 | 10-12 | 13-15 || total
-------------------------+-------+-------+-------+-------+-------++-------
Melee: Unarmed           |    10 |       |       |       |       ||    10
       Hand axe          |     5 |       |       |       |       ||     5
       Dagger            |    83 |    93 |       |       |       ||   176
       Whip              |       |    51 |   217 |   225 |       ||   493
       Staff             |       |       |       |    33 |   183 ||   216
 Cast: Sandblast         |    15 |    31 |    52 |   118 |   168 ||   384
       Lee's Rapid Decon |       |       |     8 |    53 |    85 ||   146
       Stone Arrow       |       |       |    10 |   187 |   392 ||   589
       Petrify           |       |       |     1 |     7 |     9 ||    17
       Iskenderun's Myst |       |       |       |     1 |       ||     1
 Abil: Fly               |       |       |       |       |     1 ||     1
  Use: Scroll            |       |       |     4 |    11 |    13 ||    28
       Potion            |       |       |       |     2 |       ||     2
 Stab: Sleeping          |     2 |     6 |     1 |     1 |       ||    10
       Petrified         |       |       |     1 |       |       ||     1
       Distracted        |       |       |       |       |     1 ||     1
  Eat: Chunk             |     3 |     7 |    15 |    35 |    26 ||    86
       Ration            |       |       |       |     1 |     7 ||     8
Armor: Robe              |    21 |    40 |   102 |   201 |   233 ||   597
       Skin              |       |       |       |    11 |       ||    11
Dodge: Dodged            |    63 |   112 |   161 |   334 |   297 ||   967
Block: Buckler           |       |       |       |    35 |   156 ||   191
